 Dungeon Crawl Stone Soup version 0.29.1-14-g9c671dbff4 (webtiles) character file.

Game seed: 17616731462141842543

1169 BeingJoeMalik the Spear-Bearer (level 8, -6/39 HPs)
             Began as a Vine Stalker Fighter on Feb 13, 2023.
             Killed by divine providence
             ... invoked by an orc priest
              (13 damage)
             ... on level 6 of the Dungeon.
             The game lasted 00:09:31 (3824 turns).

BeingJoeMalik the Spear-Bearer (VSFi)               Turns: 3824, Time: 00:09:31

Health: -6/39      AC:  8    Str: 20    XL:     8   Next: 40%
Magic:  0/10       EV:  9    Int: 10    God:
Gold:   154        SH:  4    Dex: 13    Spells: 9/9 levels left

rFire   . . .      SeeInvis .   p - +4 demon trident (vorpal)
rCold   . . .      Faith    .   c - +0 buckler
rNeg    . . .      Spirit   +   b - +0 scale mail
rPois   .          Reflect  .   v - +0 helmet
rElec   .          Harm     .   h - +0 cloak
rCorr   +          Rampage  .   (no gloves)
Will    ++...                   (no boots)
Stlth   ..........              (no amulet)
HPRegen 0.93/turn               q - ring of willpower
MPRegen 0.12/turn               u - ring of resist corrosion

@: no status effects
A: fangs 3, regeneration 1, magic shield, antimagic bite, no potion heal 2
a: no special abilities


You were on level 6 of the Dungeon.
You visited 1 branch of the dungeon, and saw 6 of its levels.

You collected 154 gold pieces.

Inventory:

Hand Weapons
 a - a +0 flail
 p - a +4 vorpal demon trident (weapon)
Missiles
 i - 10 poisoned darts (quivered)
 o - 2 curare-tipped darts
Armour
 b - a +0 scale mail (worn)
 c - a +0 buckler (worn)
 h - a +0 cloak (worn)
 v - a +0 helmet (worn)
Jewellery
 q - a ring of willpower (left hand)
 u - a ring of resist corrosion (right hand)
Wands
 r - a wand of iceblast (11)
Scrolls
 g - 2 scrolls of blinking
 j - a scroll of butterflies
 l - 2 scrolls of poison
 m - a scroll of fear
 x - a scroll of enchant armour {unknown}
Potions
 d - 3 potions of might
 e - a potion of curing
 f - 2 potions of lignification
 k - 3 potions of berserk rage
 n - 2 potions of magic
 s - a potion of mutation {unknown}
 t - 2 potions of ambrosia
 w - a potion of attraction


   Skills:
 + Level 2.9 Fighting
 - Level 3.2 Maces & Flails
 + Level 8.2 Polearms
 - Level 2.4 Armour
 - Level 2.6 Shields
 * Level 1.0 Spellcasting


You had 9 spell levels left.
You didn't know any spells.
Your spell library contained the following spells:

 Spells                   Type           Power      Damage    Failure   Level
 Beastly Appendage        Tmut           0%         N/A       78%         1
 Poisonous Vapours        Pois/Air       0%         N/A       89%         2
 Wereblood                Tmut           0%         N/A       89%         2
 Dazzling Flash           Conj/Hex       0%         N/A       98%         3
 Gell's Gravitas          Tloc           0%         N/A       98%         3
 Ozocubu's Armour         Ice            0%         N/A       98%         3
 Spider Form              Tmut/Pois      0%         N/A       98%         3
 Teleport Other           Tloc           0%         N/A       98%         3
 Tukima's Dance           Hex            0%         N/A       98%         3
 Anguish                  Hex/Necr       0%         N/A       100%        4
 Cause Fear               Hex            0%         N/A       100%        4
 Corpse Rot               Necr/Pois/Air  0%         N/A       100%        4
 Metabolic Englaciation   Hex/Ice        0%         N/A       100%        5
 Silence                  Hex/Air        0%         N/A       100%        5
 Dispersal                Tloc           0%         N/A       100%        6
 Simulacrum               Ice/Necr       0%         N/A       100%        6


Dungeon Overview and Level Annotations

Branches:
Dungeon (6/15)
 Temple: D:4-7

Altars:
Hepliaklqana
Zin
The Shining One


Innate Abilities, Weirdness & Mutations

You have razor-sharp teeth.
Your natural rate of healing is unusually fast.
When hurt, damage is shared between your health and your magic reserves.
Your bite disrupts and absorbs the magic of your enemies.
Potions cannot restore your health.


Message History

You barely miss the iguana. Your bite misses the iguana.
The iguana is moderately wounded.
The iguana bites you but does no damage.
You puncture the iguana!
You kill the iguana!
No target in view!
HP restored.
x - a scroll labelled CYICREPIRGH An orc priest comes into view.
It is wielding a +0 mace.
The orc priest shouts!
You hear a loud, deep croak!
You hear a shout!
The orc priest calls down the wrath of Beogh upon you.
You resist with almost no effort.
An orc warrior comes into view. It is wielding a +0 battleaxe.
The orc warrior shouts!
A bullfrog comes into view.
You start waiting.
An orc warrior is nearby!
You reach to attack!
You hit the orc warrior.
The orc warrior is lightly wounded.
You hit the orc warrior.
The orc warrior is moderately wounded.
The orc warrior hits you with a +0 battleaxe.
You barely miss the orc warrior. Your bite misses the orc warrior.
The orc warrior is moderately wounded.
The orc warrior hits you with a +0 battleaxe.
You barely miss the orc warrior. Your bite misses the orc warrior.
The orc warrior is moderately wounded.
The orc warrior hits you with a +0 battleaxe!
The orc warrior attacks as you move away!
The orc warrior closely misses you.
The orc warrior attacks as you move away!
The orc warrior hits you with a +0 battleaxe!
The orc warrior attacks as you move away!
The orc warrior completely misses you.
The orc warrior attacks as you move away!
The orc warrior hits you with a +0 battleaxe!
* * * LOW HITPOINT WARNING * * *
The orc priest mumbles some strange prayers to Beogh against you.
Beogh smites you!
You die...

#F# #o....# #.###o#
#.###.# # #.....# #.#
#.# #.#####.# #.# #o#
#.###...###o# #.#
#.........F.# #F#
#......###### #o#
#......########.#
..#...........@.# .
#.....###############
###+#.#.............#
.#.#.###########.#
#.# #.#.#.#.......#
#.# #.#
#.#.#.#.#####.# #.#
#.# #.#.#...#####.#
#.# #.#
#.#.#.......#.# #.#
#.# #.#...........#
#.#


You could see an orc warrior, a bullfrog and an orc priest.

Vanquished Creatures
  A water moccasin (D:5)
  A sky beast (D:6)
  A phantom (D:4)
  A bullfrog (D:6)
  A necrophage (D:5)
  4 scorpions
  A howler monkey (D:5)
  3 jellies
  2 hounds (D:4)
  5 iguanas
  An orc wizard (D:5)
  10 adders
  A worm (D:2)
  5 dart slugs
  11 orcs
  9 ball pythons
  8 endoplasms
  2 giant cockroaches (D:3)
  8 goblins
  7 hobgoblins
  3 jackals (D:1)
  4 quokkas
  3 bats
  6 frilled lizards
  4 kobolds
  10 rats
  A spectral hobgoblin (D:4)
113 creatures vanquished.

Notes
Turn   | Place    | Note
-------+----------+-------------------------------------------
     0 | D:1      | BeingJoeMalik the Vine Stalker Fighter began the quest for
                  | the Orb.
     0 | D:1      | Reached XP level 1. HP: 11/11 MP: 2/2
    41 | D:1      | Got the Spellbook of Fascination
   136 | D:1      | Reached XP level 2. HP: 16/16 MP: 3/3
   583 | D:1      | Reached XP level 3. HP: 19/19 MP: 4/4
  1170 | D:2      | Reached skill level 1 in Polearms
  1170 | D:2      | Gained mutation: Your natural rate of healing is unusually
                  | fast. [Vine Stalker growth]
  1170 | D:2      | Reached XP level 4. HP: 18/23 MP: 5/5
  1764 | D:3      | Reached skill level 2 in Polearms
  1784 | D:3      | Found a faded altar of an unknown god.
  1958 | D:3      | Reached XP level 5. HP: 28/28 MP: 6/6
  2106 | D:3      | Found a glowing golden altar of the Shining One.
  2137 | D:3      | Identified the +7 hand axe of Amorality {venom, rF+ rCorr
                  | Dex-3}
  2274 | D:4      | Reached skill level 3 in Polearms
  2401 | D:4      | Reached skill level 4 in Polearms
  2401 | D:4      | Reached XP level 6. HP: 32/32 MP: 7/7
  2560 | D:4      | Found a hazy altar of Hepliaklqana.
  2673 | D:4      | Reached skill level 5 in Polearms
  2714 | D:4      | Reached XP level 7. HP: 30/35 MP: 6/8
  2881 | D:4      | Reached skill level 6 in Polearms
  3022 | D:5      | Entered Level 5 of the Dungeon
  3103 | D:5      | Reached skill level 7 in Polearms
  3152 | D:5      | Gained mutation: You have razor-sharp teeth. [Vine Stalker
                  | growth]
  3152 | D:5      | Reached XP level 8. HP: 27/39 MP: 6/9
  3211 | D:5      | Found a glowing silver altar of Zin.
  3539 | D:6      | Reached skill level 8 in Polearms
  3709 | D:6      | Reached skill level 1 in Spellcasting
  3824 | D:6      | Killed from afar by an orc priest

Illustrated notes

Levels and vault maps discovered:
D:1:      dpeg_arrival_ratfight, layout_basic, st_stairs_8, chequers_arboretum
D:2:      layout_loops_ring, st_stairs_8
D:3:      layout_rooms, mainiacjoe_overflow_alcove_2,
          nicolae_ecumenical_snake_handling, minivault_25
D:4:      layout_loops_ring, nicolae_hepliaklqana_monster_ancestors
D:5:      layout_rooms, mainiacjoe_overflow_brackets
D:6:      layout_basic

Skill      XL: |  1  2  3  4  5  6  7  8 |
---------------+-------------------------+-----
Maces & Flails | 2 3 |  3.2
Polearms       | 1 2 4 5 7 8 |  8.2
Spellcasting   | 1 |  1.0
Fighting       | |  2.9
Armour         | |  2.4
Shields        | |  2.6

Action                   |  1- 3 |  4- 6 |  7- 9 || total
-------------------------+-------+-------+-------++-------
Melee: Flail             |    82 |    18 |       ||   100
       Bite              |    16 |    18 |     8 ||    42
       Demon trident     |       |   111 |    65 ||   176
Throw: Dart              |     2 |       |     4 ||     6
  Use: Scroll            |       |    12 |     2 ||    14
Armor: Scale mail        |    48 |    35 |    15 ||    98
Dodge: Dodged            |    27 |    40 |    15 ||    82
Block: Buckler           |    16 |    11 |     7 ||    34
